 Dungeon Crawl Stone Soup version 0.31-a0-198-g2ad674f65e (webtiles) character file.

Game seed: 4792899078563769720

66 qw the Shooter (level 3, 0/20 HPs)
             Began as a Deep Elf Hunter on June 25, 2023.
             Succumbed to their own poison gas
             ... on level 2 of the Dungeon.
             The game lasted 00:00:35 (1592 turns).

qw the Shooter (Deep Elf Hunter)                    Turns: 1592, Time: 00:00:35

Health: 0/20       AC:  3    Str: 10    XL:     3   Next: 96%
Magic:  5/5        EV: 12    Int: 13    God:
Gold:   119        SH:  0    Dex: 18    Spells: 2/2 levels left

rFire   . . .        Y - +0 shortbow
rCold   . . .        (shield currently unavailable)
rNeg    . . .        c - +0 leather armour
rPois   .            (no helmet)
rElec   .            (no cloak)
rCorr   .            (no gloves)
SInv    .            (no boots)
Will    .....        (no amulet)
Stlth   ++           (no ring)
HPRegen 0.23/turn    (no ring)
MPRegen 0.09/turn

%: no passive effects
@: lethally poisoned (0 -> -3)
A: no striking features
a: no special abilities


You were on level 2 of the Dungeon.
You visited 1 branch of the dungeon, and saw 2 of its levels.

You collected 119 gold pieces.


   Skills:
 - Level 1.5 Fighting
 + Level 7.4 Ranged Weapons
 - Level 2.4 Dodging
 - Level 1.2 Stealth


You had 2 spell levels left.
You didn't know any spells.
Your spell library was empty.

Inventory:

Hand Weapons
 Y - a +0 shortbow (weapon)
Armour
 c - a +0 leather armour (worn)
Potions
 d - a potion of might {unknown}
 e - a potion of lignification {unknown}
 f - a potion of invisibility {unknown}

Dungeon Overview and Level Annotations

Branches:
Dungeon (2/15)

Altars:


Message History

Enter note: Done exploring.
1583 ||| DROPPING 2 scrolls of revelation.
You drop 2 scrolls of revelation.
Done exploring.
(D) Dungeon
Where to? (* - list waypoints, Enter - D:2, ? - help)
What level of the Dungeon? (default 1, ? - help) Sorry, I don't know how to get there.
Enter note:
Enter note:
Enter note:
Enter note:
Enter note:
Enter note:
Enter note:
Enter note:
Enter note: Really walk into that cloud of poison gas?
You are engulfed in poison gas.
You are lethally poisoned!
You feel very sick.
1585 ||| Stepping ~*~*~tactically~*~*~ (cloud).
You feel very sick.
Things that are here:
2 scrolls of revelation; a scarf of shadows
There is a lethal amount of poison in your body!
You feel very sick.
There is a lethal amount of poison in your body!
You feel sick.
There is a lethal amount of poison in your body!
You feel sick.
There is a lethal amount of poison in your body!
You feel sick.
There is a lethal amount of poison in your body!
You feel sick.
There is a lethal amount of poison in your body!
You feel sick.
There is a lethal amount of poison in your body!
You die...

#.##.## #.#
#####.##.#### #.#
#####0##.#### #.####
#####0##.#######....#
#####0##............#
#####¤##########.#..##
#####¤####### #.#....
#####¤####### #.##.##
#####@####### #.##.##
#####¤##########.##...
#####¤0..........#####
##################
#############
#############
#############
#############


There were no monsters in sight!

Vanquished Creatures
  An adder (D:2)
  A worm (D:2)
  2 dart slugs (D:1)
  3 endoplasms
  A giant cockroach (D:1)
  3 goblins (D:1)
  3 hobgoblins
  9 jackals (D:1)
  4 kobolds
  2 quokkas
  4 ball pythons (D:1)
  4 bats (D:1)
  2 frilled lizards (D:1)
  8 rats
47 creatures vanquished.

Notes
Turn   | Place    | Note
-------+----------+-------------------------------------------
     0 | D:1      | qw the Deep Elf Hunter began the quest for the Orb.
     0 | D:1      | Reached XP level 1. HP: 12/12 MP: 3/3
     0 | D:1      | 0 ||| qw: Version: 0.3-a-22-g0ed2b0b
     0 | D:1      | 0 ||| qw: Game counter: 5363
     0 | D:1      | 0 ||| qw: Melee chars always use a shield: true
     0 | D:1      | 0 ||| qw: God list: Okawaru
     0 | D:1      | 0 ||| qw: Allow faded altars: false
     0 | D:1      | 0 ||| qw: Do Orc after clearing Dungeon:15 true
     0 | D:1      | 0 ||| qw: Do second Lair branch before Depths: true
     0 | D:1      | 0 ||| qw: Lair rune preference: random
     0 | D:1      | 0 ||| qw: Goals: Normal
     0 | D:1      | 0 ||| PLANNING D:1-11
    72 | D:1      | Reached skill level 6 in Ranged Weapons
    72 | D:1      | Reached XP level 2. HP: 7/16 MP: 4/4
   128 | D:1      | Found a faded altar of an unknown god.
   482 | D:1      | Reached XP level 3. HP: 19/20 MP: 5/5
   672 | D:1      | 672 ||| Stepping ~*~*~tactically~*~*~ (outnumbered).
   689 | D:1      | Reached skill level 7 in Ranged Weapons
   813 | D:1      | 813 ||| READING scroll labelled WIGOUTEOLL.
   817 | D:1      | 817 ||| DROPPING scroll of butterflies.
  1580 | D:2      | 1580 ||| DROPPING scarf of shadows.
  1581 | D:2      | 1581 ||| READING scroll labelled PEMEJE ENWERE.
  1582 | D:2      | 1582 ||| READING 3 scrolls labelled CAMYWN MACI.
  1583 | D:2      | 1583 ||| DROPPING 2 scrolls of revelation.
  1585 | D:2      | 1585 ||| Stepping ~*~*~tactically~*~*~ (cloud).
  1588 | D:2      | HP: 4/20 [poisoned by you (poison gas)]
  1590 | D:2      | HP: 1/20 [poisoned by you (poison gas)]
  1592 | D:2      | Succumbed to their own poison gas

Levels and vault maps discovered:
D:1:      minmay_arrival_glassed_features, layout_loops_ring,
          shapermc_ecumenical_altar_rom_forum, minmay_unequal
D:2:      layout_loops_ring, kennysheep_cross_room,
          kennysheep_decorative_pillar, minmay_3d_cube

Skill      XL: |  1  2  3 |
---------------+----------+-----
Ranged Weapons | 6 7 |  7.4
Fighting       | |  1.5
Dodging        | |  2.4
Stealth        | |  1.2

Action                     || total
---------------------------++-------
   Fire: Shortbow          ||   138
    Use: Scroll            ||     3
 Armour: Leather armour    ||    22
  Dodge: Dodged            ||    65

Table legend:
 A = Non-vault XP
 B = Vault XP
 C = Vault XP percentage of total XP
 D = Non-vault monster count
 E = Vault monster count
 F = Vault count percentage of total count
                 A         B        C        D         E       F
            +---------+---------+-------+---------+---------+-------
      Total |      70 |      25 |  26.3 |      40 |       7 |  14.9
            +---------+---------+-------+---------+---------+-------
        D:1 |      62 |       4 |   6.1 |      35 |       3 |   7.9
        D:2 |       8 |      21 |  72.4 |       5 |       4 |  44.4
            +---------+---------+-------+---------+---------+-------
